 Dungeon Crawl Stone Soup version 0.14.1-11-gf908b15 (webtiles) character file.

1 Dadi the Skirmisher (level 1, -1/18 HPs)
             Began as a Demonspawn Berserker on May 31, 2014.
             Was a Follower of Trog.
             Slain by a jackal (3 damage)
             ... on Level 1 of the Dungeon.
             The game lasted 00:00:11 (28 turns).

Dadi the Skirmisher (Demonspawn Berserker)            Turns: 28, Time: 00:00:11

HP  -1/18        AC  2     Str 17      XL: 1   Next: 16%
MP   1/1         EV 12     Int  8      God: Trog [*.....]
Gold 0           SH  0     Dex 12      Spells:  0 memorised,  0 levels left

rFire  . . .     SeeInvis .     a - +0 hand axe
rCold  . . .     Clarity  .     b - +0 animal skin
rNeg   . . .     Conserve .     (no shield)
rPois  .         rCorr    .     (no helmet)
rElec  .         rRot     .     (no cloak)
SustAb . .       Spirit   .     (no gloves)
rMut   .         Warding  .     (no boots)
Saprov . . .     Stasis   .     (no amulet)
MR     +....                    (no ring)
                                d - ring of protection from magic {unknown}

@: somewhat resistant to hostile enchantments, unstealthy
A: no striking features
a: Burn Spellbooks, Berserk, Renounce Religion


You were on level 1 of the Dungeon.
You worshipped Trog.
Trog was aware of your devotion.
You were not hungry.

You visited 1 branch of the dungeon, and saw 1 of its levels.

Inventory:

Hand weapons
 a - a +0,+0 hand axe (weapon)
Armour
 b - a +0 animal skin (worn)
Comestibles
 c - a bread ration
Jewellery
 d - a ring of protection from magic (left hand) {unknown}
   (You found it on level 1 of the Dungeon)


   Skills:
 - Level 3.0 Fighting
 + Level 2.8 Axes
 - Level 1.7 Armour
 - Level 1.7 Dodging


You couldn't memorise any spells.
You didn't know any spells.

Dungeon Overview and Level Annotations

Branches:
Dungeon (1/15)

Altars:


Message History

Welcome, Dadi the Demonspawn Berserker.
The bosom of this dungeon contains the most powerful artefact, the Orb of Zot.
Trog says: Kill them all!
Found a marble ring.
Found a staircase leading out of the dungeon.
d - a marble ring Put on which piece of jewellery? (? for menu, Esc to quit)
d - a marble ring (left hand) {tried} A jackal comes into view.
A jackal is nearby!
A jackal is nearby!
A jackal is nearby!
A jackal is nearby!
A jackal comes into view.
The jackal barks!
The jackal misses you.
You hit the jackal. The jackal misses you. The jackal closely misses you.
You hit the jackal. The jackal barely misses you.
You hit the jackal.
You kill the jackal!
Trog accepts your kill.
You barely miss the jackal.
The jackal bites you but does no damage.
The jackal bites you.
You take 3 damage, and have 15/18 hp.
You closely miss the jackal. The jackal bites you.
You take 3 damage, and have 12/18 hp.
You hit the jackal. The jackal bites you. The jackal closely misses you.
You take 1 damage, and have 11/18 hp.
You barely miss the jackal. The jackal barely misses you.
The jackal misses you.
You miss the jackal. The jackal misses you.
You barely miss the jackal. The jackal bites you. The jackal bites you.
* * * LOW HITPOINT WARNING * * *
You take 6 damage, and have 5/18 hp.
MASSIVE DAMAGE!!
You barely miss the jackal. The jackal misses you.
The jackal closely misses you.
You hit the jackal but do no damage. The jackal barely misses you.
You barely miss the jackal. The jackal bites you.
* * * LOW HITPOINT WARNING * * *
The jackal bites you.
You die...

####### #..h@.#
......###.#
########.#####
.............###
#.............#
###.........###
#8.........8#
#...........#
#8.........8#


You could see a jackal.

Vanquished Creatures
  A jackal (D:1)
1 creature vanquished.

Notes
Turn   | Place    | Note
--------------------------------------------------------------
     0 | D:1      | Dadi, the Demonspawn Berserker, began the quest for the Orb.
     0 | D:1      | Reached XP level 1. HP: 18/18 MP: 1/1
    28 | D:1      | HP: 2/18 [jackal (3)]
    28 | D:1      | Slain by a jackal

Action                   || total
-------------------------++-------
Melee: Hand axe          ||    12

Vault maps used:
D:1:      mrwooster_arrival_statue_2

Table legend:
 A = Turns spent in this place as a percentage of turns spent in the entire game.
 B = Non-inter-level travel turns spent in this place as a percentage of non-inter-level travel turns spent in the entire game.
 C = Inter-level travel turns spent in this place as a percentage of turns spent in this place.
 D = Turns resting spent in this place as a percentage of non-inter-level travel turns spent in this place.
 E = Turns spent auto-exploring this place as a percentage of non-inter-level travel turns spent in this place.
 F = Non-inter-level travel turns spent in this place divided by the number of levels of this place that you've seen.
                   A       B       C       D       E      F
               +-------+-------+-------+-------+-------+----------------------
         Total | 100.0 | 100.0 |   0.0 |   0.0 |  10.0 |  20.0
       Dungeon | 100.0 | 100.0 |   0.0 |   0.0 |  10.0 |  20.0
               +-------+-------+-------+-------+-------+----------------------

Table legend:
 A = Kills in this place as a percentage of kills in entire the game.
 B = Kills by you in this place as a percentage of kills by you in the entire game.
 C = Kills by friends in this place as a percentage of kills by friends in the entire game.
 D = Other kills in this place as a percentage of other kills in the entire game.
 E = Experience gained in this place as a percentage of experience gained in the entire game.
 F = Experience gained in this place divided by the number of levels of this place that you have seen.
                   A       B       C       D       E      F
               +-------+-------+-------+-------+-------+----------------------
         Total | 100.0 | 100.0 |  -nan |  -nan | 100.0 |   2.0
       Dungeon | 100.0 | 100.0 |  -nan |  -nan | 100.0 |   2.0
               +-------+-------+-------+-------+-------+----------------------
